 Dungeon Sprint DCSS version 0.27-a0-1177-g245c70e1c0 (webtiles) character file.

Game seed: 12390053339122611346

21000 mhtbhm the Cutthroat (level 13, 0/145 HPs)
             Began as a Kobold Berserker on May 16, 2021.
             Was the Champion of Trog.
             Succumbed to a green death's poison arrow
             ... in the Dungeon (Sprint VII: "The Pits").
             The game lasted 00:10:39 (5541 turns).

mhtbhm the Cutthroat (Kobold Berserker)             Turns: 5541, Time: 00:10:40

Health: 0/145      AC: 22    Str: 18    XL:     13   Next: 16%
Magic:  13/13      EV: 21    Int:  8    God:    Trog [******]
Gold:   15         SH:  0    Dex: 19    Spells: 12/12 levels left

rFire    . . .     SeeInvis .   a - +3 quick blade (vorpal)
rCold    . . .     Faith    .   (shield restricted)
rNeg     . . .     Spirit   .   b - +4 chain mail
rPois    .         Reflect  .   p - +2 hat {Stlth+}
rElec    .         Harm     .   s - +2 cloak {Will+}
rCorr    .         Rampage  .   (no gloves)
Will     +....     NoTele   +   (no boots)
Stlth    ..........             (no amulet)
HPRegen  0.34/turn              k - +3 ring of evasion
MPRegen  0.13/turn              l - +3 ring of dexterity

@: berserking (expiring), lethally poisoned (0 -> -46), very quick
A: small, no large weapons, nightstalker 3
a: Renounce Religion, Berserk, Trog's Hand, Brothers in Arms


You were in the Dungeon.
You worshipped Trog.
Trog was exalted by your worship.
You visited 1 branch You collected 15 gold pieces.

Inventory:

Hand Weapons
 a - a +3 vorpal quick blade (weapon)
Armour
 b - a +4 chain mail (worn)
 p - a +2 hat of stealth (worn)
 s - a +2 cloak of willpower (worn)
Jewellery
 k - a +3 ring of evasion (left hand)
 l - a +3 ring of dexterity (right hand)
 r - a ring of protection from fire
 v - a ring of willpower
Scrolls
 h - 4 scrolls of blinking
 j - a scroll of summoning
 o - 3 scrolls of fear
 t - 6 scrolls of enchant armour
 u - 2 scrolls of identify
Potions
 c - 8 potions of curing
 d - 14 potions of heal wounds
 e - 3 potions of haste
 f - 4 potions of magic
 g - 3 potions of berserk rage
 i - 2 potions of invisibility
 m - 4 potions of might
 n - a potion of resistance
 q - a potion of ambrosia


   Skills:
 + Level 18.0 Fighting
 + Level 21.8 Short Blades
 + Level 14.5 Armour
 + Level 13.7 Dodging
 + Level 5.9 Stealth


You had 12 spell levels left.
You didn't know any spells.
Your spell library was empty.

Dungeon Overview and Level Annotations

Branches:
Dungeon (1/1)

Altars:
Fedhas
Gozag
Hepliaklqana
Qazlal
Ru
Sif Muna
Trog
Zin
The Shining One
Jiyva


Innate Abilities, Weirdness & Mutations

You are small and have problems with some larger weapons.
You are completely attuned to the shadows.


Message History

You hear a shout!
Unknown command.
You closely miss the hell hog.
The hell hog is moderately wounded.
The hell hog completely misses you.
You hit the hell hog.
The hell hog is moderately wounded.
The green death gestures at you. The poison arrow hits you.
You are poisoned.
You puncture the hell hog!
The hell hog is severely wounded.
You feel sick.
You puncture the hell hog!
The hell hog is almost dead.
You feel sick.
The hell hog bites you but does no damage.
You puncture the hell hog!
You kill the hell hog!
Trog accepts your kill.
You feel sick.
Your Fighting skill increases to level 18!
You feel very sick. The green death gestures at you.
The bolt of poison hits you!!
You are more poisoned.
* * * LOW HITPOINT WARNING * * *
Things that are here:
a piece from Xom's chessboard (15/15); a hell hog corpse You feel a strong urge to attack something.
* * * LOW HITPOINT WARNING * * *
You feel very sick. The green death gestures at you. The poison arrow hits you!
You are more poisoned.
* * * LOW HITPOINT WARNING * * *
The catoblepas gores your stone giant!!
Your stone giant hits the green death.
You see here a +0 short sword.
Unknown command.
You die...

#..#....#..# #..........+
#..........+ ###''####''#
###''####''########
#...)..##....)))...
#.#2##Y##....))....
#.#)CC.##.)########
#.@[}#.##..# #.#|.+.##..#
##++###########.+.=#.##..#
.........##..##.##+#.##..#
..#......##..##. ..##..#
.........''..# ####รท)#
.........''..##########..#
..#......##..............#
.........##..............#


You could see a catoblepas (ally target), a green death (ally target) and 2
friendly stone giants.

Vanquished Creatures
  A titan (D)
  Gastronok (D)
  A hydra (D)
  An ogre mage (D)
  3 two-headed ogres (D)
  2 hell hogs (D)
  A sun demon (D)
  A shadow wraith (D)
  A spriggan druid (D)
  A sea snake (D)
  Pikel (D)
  2 deep elf pyromancers (D)
  A wolf spider (D)
  A manticore (D)
  A cyclops (D)
  An orange demon (D)
  A smoke demon (D)
  A cane toad (D)
  A kobold demonologist (D)
  A rime drake (D)
  An ice devil (D)
  A merfolk (D)
  A jumping spider (D)
  A tyrant leech (D)
  A snapping turtle (D)
  4 blink frogs (D)
  9 redbacks (D)
  Eustachio (D)
  A neqoxec (D)
  A steam dragon (D)
  Menkaure (D)
  A water moccasin (D)
  2 floating eyes (D)
  A swamp drake (D)
  4 sky beasts (D)
  2 orc warriors (D)
  Purgy (D)
  2 necrophages (D)
  4 ogres (D)
  A bullfrog (D)
  A scorpion (D)
  2 killer bees (D)
  A hound (D)
  An iron imp (D)
  A jelly (D)
  An orc wizard (D)
  2 adders (D)
  2 ufetubi (D)
  3 worms (D)
  An orc (D)
  5 jackals (D)
  A kobold (D)
  A rat (D)
86 creatures vanquished.

Vanquished Creatures (collateral kills)
  A hell hog (D)
  A spriggan berserker (D)
  A death yak (D)
  A deep troll (D)
  A deep elf pyromancer (D)
  A rust devil (D)
  A cane toad (D)
  A molten gargoyle (D)
  A jumping spider (D)
  An acid dragon (D)
  A centaur (D)
  3 killer bees (D)
  3 orcs (D)
17 creatures vanquished.

Vanquished Creatures (others)
  An orc (D)
  A goblin (D)
2 creatures vanquished.

Grand Total: 105 creatures vanquished

Notes
Turn   | Place    | Note
-------+----------+-------------------------------------------
     0 | D        | mhtbhm the Kobold Berserker began the quest for the Orb.
     0 | D        | Reached XP level 1. HP: 14/14 MP: 1/1
    28 | D        | Reached ** piety under Trog
    83 | D        | Found a bloodstained altar of Trog.
    83 | D        | Found a shimmering blue altar of Sif Muna.
    83 | D        | Found a viscous altar of Jiyva.
    83 | D        | Found a hazy altar of Hepliaklqana.
    83 | D        | Found an opulent altar of Gozag.
    84 | D        | Found a glowing golden altar of the Shining One.
    84 | D        | Found a glowing silver altar of Zin.
    84 | D        | Found a sacrificial altar of Ru.
    84 | D        | Found a stormy altar of Qazlal.
    84 | D        | Found a blossoming altar of Fedhas.
   126 | D        | Reached skill level 5 in Short Blades
   128 | D        | Reached XP level 2. HP: 20/20 MP: 2/2
   175 | D        | Noticed a floating eye
   178 | D        | Reached *** piety under Trog
   179 | D        | Reached skill level 6 in Short Blades
   179 | D        | Reached XP level 3. HP: 25/25 MP: 3/3
   180 | D        | Paralysed by a floating eye for 4 turns
   187 | D        | Reached skill level 5 in Fighting
   188 | D        | Killed a floating eye
   189 | D        | Reached skill level 9 in Short Blades
   189 | D        | Reached XP level 4. HP: 32/34 MP: 4/4
   189 | D        | Reached XP level 5. HP: 35/38 MP: 5/5
   414 | D        | Noticed an orc warrior
   416 | D        | Reached **** piety under Trog
   423 | D        | Reached skill level 5 in Dodging
   423 | D        | Noticed a floating eye
   429 | D        | Killed an orc warrior
   430 | D        | Reached skill level 11 in Short Blades
   430 | D        | Reached XP level 6. HP: 45/45 MP: 6/6
   433 | D        | Killed a floating eye
   434 | D        | Reached skill level 12 in Short Blades
   434 | D        | Reached ***** piety under Trog
   688 | D        | Reached XP level 7. HP: 51/51 MP: 7/7
   777 | D        | Received a gift from Trog
   792 | D        | Reached skill level 10 in Fighting
   792 | D        | Reached skill level 13 in Short Blades
   938 | D        | Noticed Purgy
   959 | D        | Killed Purgy
   964 | D        | Reached XP level 8. HP: 59/59 MP: 8/8
  1111 | D        | Reached skill level 1 in Stealth
  1113 | D        | Noticed a redback
  1117 | D        | Killed a redback
  1118 | D        | Reached skill level 14 in Short Blades
  1275 | D        | Noticed Menkaure
  1287 | D        | Reached skill level 5 in Armour
  1293 | D        | Killed Menkaure
  1336 | D        | Noticed Pikel
  1336 | D        | Noticed a cyclops
  1336 | D        | Noticed an orange demon
  1350 | D        | Killed Pikel
  1351 | D        | Reached skill level 15 in Short Blades
  1351 | D        | Reached XP level 9. HP: 65/65 MP: 9/9
  1365 | D        | Killed a cyclops
  1365 | D        | Reached ****** piety under Trog
  1366 | D        | Reached skill level 16 in Short Blades
  1378 | D        | Killed an orange demon
  1771 | D        | Noticed a smoke demon
  1780 | D        | Reached skill level 10 in Dodging
  1790 | D        | Killed a smoke demon
  1790 | D        | Received a gift from Trog
  1791 | D        | Reached skill level 17 in Short Blades
  1798 | D        | Reached XP level 10. HP: 73/73 MP: 10/10
  1860 | D        | Noticed a deep elf pyromancer
  1860 | D        | Noticed Eustachio
  1877 | D        | Killed Eustachio
  1889 | D        | Killed a deep elf pyromancer
  1890 | D        | Reached skill level 18 in Short Blades
  1909 | D        | Received a gift from Trog
  2091 | D        | Noticed a manticore
  2091 | D        | Noticed Gastronok
  2108 | D        | Killed Gastronok
  2109 | D        | Reached skill level 15 in Fighting
  2109 | D        | Reached skill level 19 in Short Blades
  2109 | D        | Reached XP level 11. HP: 81/81 MP: 11/11
  2115 | D        | Killed a manticore
  2450 | D        | Noticed a wolf spider
  2459 | D        | Killed a wolf spider
  2467 | D        | Received a gift from Trog
  2472 | D        | Reached skill level 20 in Short Blades
  2712 | D        | Received a gift from Trog
  3027 | D        | Killed a shadow wraith
  3278 | D        | Reached skill level 10 in Armour
  3571 | D        | Noticed a sea snake
  3571 | D        | Noticed a death yak
  3572 | D        | Noticed a deep troll
  3574 | D        | Received a gift from Trog
  3582 | D        | Killed a sea snake
  3595 | D        | Received a gift from Trog
  3608 | D        | Killed a deep troll
  3609 | D        | Killed a death yak
  3609 | D        | Received a gift from Trog
  3610 | D        | Reached XP level 12. HP: 27/90 MP: 12/12
  4322 | D        | Noticed a spriggan druid
  4334 | D        | Killed a spriggan druid
  4335 | D        | Reached skill level 21 in Short Blades
  4335 | D        | Reached skill level 5 in Stealth
  4591 | D        | Received a gift from Trog
  4725 | D        | Noticed a two-headed ogre
  4726 | D        | Noticed a two-headed ogre
  4735 | D        | Killed a two-headed ogre
  4795 | D        | Noticed an ogre mage
  4797 | D        | Noticed a two-headed ogre
  4812 | D        | Killed a two-headed ogre
  4817 | D        | Killed a two-headed ogre
  4826 | D        | Killed an ogre mage
  4826 | D        | Received a gift from Trog
  5153 | D        | Noticed a sun demon
  5162 | D        | Killed a sun demon
  5275 | D        | Noticed a titan
  5298 | D        | Killed a titan
  5299 | D        | Reached XP level 13. HP: 83/97 MP: 13/13
  5506 | D        | Noticed a four-headed hydra
  5508 | D        | Killed a four-headed hydra
  5509 | D        | Noticed a catoblepas
  5509 | D        | Received a gift from Trog
  5515 | D        | Noticed a green death
  5540 | D        | HP: 6/145 [green death/poison arrow (10)]
  5541 | D        | Succumbed to a green death's poison arrow

Illustrated notes

Levels and vault maps discovered:
D:        pitsprint [storerooms_1, entrance_room_1, metal_vault_1, armoury_2,
          mini_pit_1, grid_room_1, main_hall_1, silver_pit, the_coven_1,
          the_vestibule_1, steel_vault_5, golden_pit, hallway_of_sentries,
          crystal_vault_4, iron_vault_5, final_vault]

Skill      XL: |  1  2  3  4  5  6  7  8  9 10 11 12 13 |
---------------+----------------------------------------+-----
Fighting       | 4 7 8 9 10 12 13 15 16 17 18 | 18.0
Short Blades   | 5 6 9 11 12 13 15 17 19 20 21 | 21.8
Armour         | 2 3 4 5 6 8 11 13 14 | 14.5
Dodging        | 3 4 6 7 9 10 11 12 13 | 13.7
Stealth        | 1 2 3 4 5 |  5.9

Action                   |  1- 3 |  4- 6 |  7- 9 | 10-12 | 13-15 || total
-------------------------+-------+-------+-------+-------+-------++-------
Melee: Short sword       |    10 |       |       |       |       ||    10
       Dagger            |    17 |    28 |   119 |       |       ||   164
       Quick blade       |       |       |       |   348 |    13 ||   361
Invok: Berserk           |     3 |     2 |     6 |    15 |     1 ||    27
       Brothers in Arms  |       |       |       |     3 |     2 ||     5
  Use: Potion            |       |       |     1 |     1 |       ||     2
 Stab: Distracted        |       |       |       |       |     1 ||     1
Armor: Chain mail        |       |     1 |    19 |    54 |     2 ||    76
Dodge: Dodged            |    14 |    13 |    25 |   123 |     4 ||   179

Table legend: (Time is in decaauts)
 A = Elapsed time spent in this place.
 B = Non-inter-level travel time spent in this place.
 C = Inter-level travel time spent in this place.
 D = Time resting spent in this place.
 E = Time spent auto-exploring this place.
 F = Levels seen in this place.
 G = Mean time per level.
                   A        B        C        D        E       F      G
               +--------+--------+--------+--------+--------+-----+--------+
         Total |   5441 |   5441 |      0 |   4236 |     21 |   1 | 5441.0 |
       Dungeon |   5441 |   5441 |      0 |   4236 |     21 |   1 | 5441.0 |
               +--------+--------+--------+--------+--------+-----+--------+

Top non-repeatable levels by time:
       D: 5441 daAuts
